 Dungeon Crawl Stone Soup version 0.31-a0-831-g143b1e81fc (webtiles) character file.

Game seed: 9783476282772038554

9 sXerra the Chopper (level 2, -1/23 (25) HPs)
             Began as a Hill Orc Reaver on Sept 24, 2023.
             Succumbed to an adder's poison
             ... on level 2 of the Dungeon.
             The game lasted 00:10:09 (850 turns).

sXerra the Chopper (Hill Orc Reaver)                 Turns: 850, Time: 00:10:09

HP:   -1/23 (25)    AC:  3    Str: 14    XL:     2   Next: 12%
MP:   4/4           EV: 11    Int: 13    God:
Gold: 34            SH:  0    Dex:  9    Spells: 3/4 levels left

rFire   . . .        a - +0 hand axe
rCold   . . .        (no shield)
rNeg    . . .        b - +0 leather armour
rPois   .            (no helmet)
rElec   .            (no cloak)
rCorr   .            (no gloves)
SInv    .            (no boots)
Will    .....        (no amulet)
Stlth   +            (no ring)
HPRegen 0.23/turn    (no ring)
MPRegen 0.09/turn

%: no passive effects
@: lethally poisoned (-1 -> -7), drained
A: no striking features
a: no special abilities


You were on level 2 of the Dungeon.
You visited 1 branch of the dungeon, and saw 2 of its levels.

You collected 34 gold pieces.

Inventory:

Hand Weapons
 a - a +0 hand axe (weapon)
 g - a +0 sling
Missiles
 d - 12 stones (quivered)
Armour
 b - a +0 leather armour (worn)
Scrolls
 e - a scroll of revelation {unknown}
 h - a scroll of immolation {unknown}
 i - a scroll of identify {unknown}
Potions
 c - 2 potions of enlightenment {unknown}
 f - 2 potions of curing {unknown}
 k - a potion of invisibility {unknown}


   Skills:
 * Level 2.7 Fighting
 * Level 4.5 Axes
 + Level 1.6 Dodging
 - Level 1.5 Spellcasting
 - Level 3.0 Conjurations


You had 3 spell levels left.
You knew the following spells:

 Your Spells              Type           Power      Damage    Failure   Level
a - Kiss of Death         Conj/Necr      16%        2d6       19%         1

Your spell library contained the following spells:

 Spells                   Type           Power      Damage    Failure   Level
 Momentum Strike          Conj/Tloc      8%         3d8       28%         2
 Hailstorm                Conj/Ice       4%         3d4       50%         3


Dungeon Overview and Level Annotations

Branches:
Dungeon (2/15)

Altars:


Message History

You slash the quokka!
You kill the quokka!
There is a stone staircase leading down here.
You see here a +4 dagger.
You open the door.
There is an open door here.
Done exploring.
There is an open door here.
Done exploring.
There is a stone staircase leading down here.
You climb downwards.
The adder hisses angrily.
Found 7 stones.
There is a stone staircase leading up here.
You miss the adder. The adder bites you.
You are poisoned.
The adder poisons you!
You closely miss the adder.
You feel sick. The adder bites you.
You are more poisoned.
The adder poisons you!
You miss the adder.
You feel sick. The adder bites you.
You are lethally poisoned!
The adder poisons you! The adder closely misses you.
You hit the adder.
The adder is moderately wounded.
* * * LOW HITPOINT WARNING * * *
You feel very sick. The adder closely misses you.
You hit the adder.
The adder is almost dead.
* * * LOW HITPOINT WARNING * * *
You feel very sick. The adder closely misses you. The adder barely misses you.
You closely miss the adder.
The adder is almost dead.
* * * LOW HITPOINT WARNING * * *
You feel sick. The adder misses you.
You closely miss the adder.
The adder is almost dead.
You die...

+# .#
###.##
#....
#.(.######
#..S......
#.@..#
#....#
##.#.#
#.#.# #.#
# #.# ..#
###


You could see an adder.

Vanquished Creatures
  An endoplasm (D:1)
  A kobold (D:1)
  2 quokkas (D:1)
  2 bats (D:1)
  A goblin (D:1)
  A rat (D:1)
8 creatures vanquished.

Notes
Turn   | Place    | Note
-------+----------+-------------------------------------------
     0 | D:1      | sXerra the Hill Orc Reaver began the quest for the Orb.
     0 | D:1      | Reached XP level 1. HP: 18/18 MP: 3/3
   458 | D:1      | Reached XP level 2. HP: 23/23 MP: 4/4
   849 | D:2      | HP: 1/23 [poisoned by an adder]
   850 | D:2      | Succumbed to an adder's poison

Illustrated notes

Levels and vault maps discovered:
D:1:      dpeg_arrival_houses_and_road, layout_loops_ring,
          grunt_decor_arrowhead, minivault_26
D:2:      layout_basic

Action                     || total
---------------------------++-------
  Melee: Hand axe          ||    38
   Cast: Kiss of Death     ||     1
 Armour: Leather armour    ||    19
  Dodge: Dodged            ||    22

Table legend: (Time is in decaauts)
 A = Elapsed time spent in this place.
 B = Non-inter-level travel time spent in this place.
 C = Inter-level travel time spent in this place.
 D = Time resting spent in this place.
 E = Time spent auto-exploring this place.
 F = Levels seen in this place.
 G = Mean time per level.
                   A        B        C        D        E       F      G
               +--------+--------+--------+--------+--------+-----+--------+
         Total |    852 |    628 |    224 |      0 |    375 |   2 |  426.0 |
       Dungeon |    852 |    628 |    224 |      0 |    375 |   2 |  426.0 |
               +--------+--------+--------+--------+--------+-----+--------+

Top non-repeatable levels by time:
     D:1: 844 daAuts
     D:2: 7 daAuts
